 Dungeon Crawl Stone Soup version 0.19.0-1-g5985abe (webtiles) character file.

612 varam the Chopper (level 7, 52/52 HPs)
             Began as a Demonspawn Berserker on Nov 2, 2016.
             Was a Priest of Trog.
             Quit the game on level 5 of the Dungeon.
             The game lasted 00:05:50 (3333 turns).

varam the Chopper (Demonspawn Berserker)            Turns: 3333, Time: 00:05:50

Health: 52/52      AC: 10    Str: 17    XL:     7   Next: 20%
Magic:  7/7        EV: 10    Int:  8    God:    Trog [***...]
Gold:   236        SH:  0    Dex: 15    Spells: 0 memorised, 6 levels left

rFire  . . .     SeeInvis .     n - +2 hand axe (chop)
rCold  . . .     Gourm    .     x - +0 scale mail
rNeg   . . .     Faith    .     (no shield)
rPois  .         Spirit   .     d - +0 helmet
rElec  .         Reflect  .     y - +0 cloak
rCorr  .         Harm     .     (no gloves)
MR     .....                    (no boots)
Stlth  ..........               k - amulet of magic regeneration
                                (no ring)
                                (no ring)

@: exhausted
A: icy blue scales 1, powered by pain 3
a: Berserk, Trog's Hand, Burn Spellbooks, Renounce Religion


You were on level 5 of the Dungeon.
You worshipped Trog.
Trog was most pleased with you.
You were very hungry.

You visited 1 branch of the dungeon, and saw 5 of its levels.

You collected 236 gold pieces.

Inventory:

Hand Weapons
 n - a +2 hand axe of chopping (weapon)
Armour
 d - a +0 helmet (worn)
 x - a +0 scale mail (worn)
 y - a +0 cloak (worn)
Jewellery
 k - an amulet of magic regeneration (around neck)
Wands
 b - a wand of digging (13/24)
Scrolls
 e - 2 scrolls of remove curse {unknown}
 h - 3 scrolls of enchant weapon {unknown}
 i - 8 scrolls of identify {unknown}
 l - 2 scrolls of fog {unknown}
 o - a scroll of random uselessness {unknown}
 r - a scroll of magic mapping {unknown}
 s - 2 scrolls of immolation {unknown}
 u - a scroll of recharging {unknown}
 D - a scroll of summoning {unknown}
 E - a scroll of enchant armour {unknown}
Potions
 a - 2 potions of degeneration {unknown}
 g - a potion of mutation {unknown}
 j - a potion of magic {unknown}
 p - 2 potions of heal wounds {unknown}
 q - 3 potions of curing {unknown}
 t - 2 potions of flight {unknown}
 v - a potion of cancellation {unknown}
 B - a potion of agility
 C - 2 potions of cure mutation {unknown}
Comestibles
 c - 4 bread rations
 f - 2 beef jerkies
 m - 8 chunks of flesh
 w - 6 fruits
 z - a meat ration
 A - a royal jelly


   Skills:
 - Level 3.0 Fighting
 + Level 7.7 Axes
 - Level 1.7 Armour
 - Level 1.7 Dodging


You had 6 spell levels left.
You didn't know any spells.

Dungeon Overview and Level Annotations

Branches:
Dungeon (5/15)
 Temple: D:4-7

Altars:
Ashenzari
Elyvilon
Gozag


Innate Abilities, Weirdness & Mutations

You are partially covered in icy blue scales. (AC +2)
You are powered by pain.


Message History

The iguana splashes around in the water.
You hit the iguana.
The iguana is severely wounded.
The iguana barely misses you.
You barely miss the iguana.
The iguana is severely wounded.
The iguana barely misses you. x2
You slash the iguana!
You kill the iguana!
Trog accepts your kill.
There isn't anything here!
m - 6 chunks of flesh (gained 2)
There isn't anything here!
m - 8 chunks of flesh (gained 2)
D - a scroll labeled JEUMECVUOTU You feel yourself speed up.
C - 2 purple potions (gained 1);
E - a scroll labeled ZOONLO UMULU You see here a great sword.
You now have 236 gold pieces (gained 10).
Are you sure you want to abandon this character and quit the game? (Confirm with "yes".)

# ##.≈≈≈≈≈≈≈....#..
#.##≈≈≈≈≈≈≈≈≈≈≈..#...#
#.#≈≈≈≈≈≈≈≈≈≈≈≈≈......
#.≈≈≈≈≈≈≈≈#≈≈≈≈....##
##≈≈≈≈≈#≈#≈≈≈≈≈≈≈.... .
#≈≈≈≈≈≈≈≈≈≈≈#≈≈≈≈≈.##
.###≈≈≈..≈≈...≈≈.≈≈≈≈..#
..#..≈≈.....<.).(.≈≈...#
..#.≈≈≈.≈≈≈...≈<@.≈≈≈..#
#...#≈≈≈.≈≈≈≈≈≈≈≈≈≈≈≈..#
##.##≈≈≈≈≈≈≈≈≈≈#≈#≈≈#..#
#....≈≈≈#≈≈≈≈≈≈≈≈≈.#..#
##..#≈≈≈≈≈≈≈≈≈≈#≈≈#..##
#.###≈≈#≈#≈≈#≈#≈##..#
###.####.#≈#≈≈≈≈.###..#
....##..##≈≈.≈≈...##..##
....##.## #......#....#
#


There were no monsters in sight!

Vanquished Creatures
  2 ogres (D:4)
  A centaur (D:4)
  An iguana (D:5)
  3 worker ants
  Natasha (thrice) (D:3)
  A hound skeleton (D:4)
  8 adders
  2 worms
  12 dart slugs
  2 leopard geckos
  4 orcs (D:4)
  7 bats
  7 giant cockroaches
  7 goblins
  7 hobgoblins
  8 jackals (D:1)
  2 quokkas
  A ball python (D:5)
  6 frilled lizards
  2 kobolds (D:2)
  6 rats
92 creatures vanquished.

Notes
Turn   | Place    | Note
-------+----------+-------------------------------------------
     0 | D:1      | varam the Demonspawn Berserker began the quest for the Orb.
     0 | D:1      | Reached XP level 1. HP: 18/18 MP: 1/1
    65 | D:1      | Reached skill level 3 in Axes
   135 | D:1      | Gained mutation: You sometimes gain a little power by taking damage. [demonic ancestry]
   135 | D:1      | Reached XP level 2. HP: 17/24 MP: 2/2
   758 | D:1      | Found a shattered altar of Ashenzari.
   886 | D:1      | Gained mutation: You sometimes gain power by taking damage. [demonic ancestry]
   886 | D:1      | Reached XP level 3. HP: 24/29 MP: 3/3
  1242 | D:2      | Reached skill level 4 in Axes
  1277 | D:2      | Reached ** piety under Trog
  1688 | D:3      | Gained mutation: You are partially covered in icy blue scales. (AC +2) [demonic ancestry]
  1688 | D:3      | Reached XP level 4. HP: 33/35 MP: 4/4
  1909 | D:3      | Noticed Natasha
  1917 | D:3      | Killed Natasha
  1917 | D:3      | Reached skill level 5 in Axes
  1961 | D:3      | Noticed Natasha
  1969 | D:3      | Killed Natasha
  1969 | D:3      | Reached XP level 5. HP: 41/41 MP: 5/5
  2137 | D:3      | Noticed Natasha
  2144 | D:3      | Killed Natasha
  2399 | D:4      | Noticed an ogre
  2407 | D:4      | Killed an ogre
  2407 | D:4      | Reached skill level 6 in Axes
  2407 | D:4      | Gained mutation: You are powered by pain. [demonic ancestry]
  2407 | D:4      | Reached XP level 6. HP: 47/47 MP: 6/6
  2456 | D:4      | Found an opulent altar of Gozag.
  2457 | D:4      | Found a white marble altar of Elyvilon.
  2748 | D:4      | Reached skill level 7 in Axes
  3036 | D:4      | Reached XP level 7. HP: 52/52 MP: 7/7
  3117 | D:5      | Entered Level 5 of the Dungeon
  3160 | D:5      | Reached *** piety under Trog
  3333 | D:5      | Quit the game

Skill      XL: |  1  2  3  4  5  6 |
---------------+-------------------+-----
Axes           | 3 4 5 6 7 |  7.7
Fighting       | |  3.0
Armour         | |  1.7
Dodging        | |  1.7

Action                   |  1- 3 |  4- 6 |  7- 9 || total
-------------------------+-------+-------+-------++-------
Melee: Hand axe          |   149 |   116 |    35 ||   300
Invok: Berserk           |     3 |     4 |     1 ||     8
 Stab: Sleeping          |     2 |       |       ||     2
  Eat: Chunk             |     5 |     8 |     1 ||    14
Armor: Animal skin       |    47 |     2 |       ||    49
       Scale mail        |       |    36 |    21 ||    57
Dodge: Dodged            |   123 |    44 |    26 ||   193
